AoeStats
← sahlipablo

Arena

509660229Analyzed
1v1 RM · 4d ago on Sep 27, 2026· 19m 17s· 2 players
Game mode
Random Map
Map size
Tiny (2 player)
Population
200
Speed
Normal
Resources
Standard
Victory
Conquest
Starting age
Dark Age
Ending age
Imperial Age
RankedLock teamsTeams togetherTeam positionsShared explorationLock speedFull tech treeHidden civsTurbo modeCheats
Victory
Defeat
🇫🇷 Teutons · France
666
+15
🇨🇱 Franks · Chile
646
-15
sahlipablo
11:35 Feudal Age
12:58 Wheelbarrow
14:55 Double-Bit Axe
16:40 Gold Mining
19:42 Castle Age
17:38 Arson
18:10 Forging
17:52 Fletching
phiphi73000
11:05 Feudal Age
14:30 Double-Bit Axe
14:29 Horse Collar
19:22 Castle Age
17:31 Man-at-Arms
Connection lost

Rejoining the realm…

Still unreachable

The connection could not be restored.

Session expired

The server has moved on; the page needs a fresh start.